 Dungeon Crawl Stone Soup version 0.29-a0-11-ga75d3d97ab (webtiles) character file.

Game seed: 10216835334068149823

4024 HallandMoats the Grappler (level 10, 0/92 HPs)
             Began as a Ghoul Monk on Jan 28, 2022.
             Was a Believer of Okawaru.
             Slain by an orc warrior (13 damage)
             ... in a bailey.
             The game lasted 00:12:28 (7621 turns).

HallandMoats the Grappler (Ghoul Monk)              Turns: 7621, Time: 00:12:29

Health: 0/92       AC: 19    Str: 20    XL:     10   Next: 24%
Magic:  9/10       EV: 11    Int:  5    God:    Okawaru [**....]
Gold:   265        SH:  0    Dex: 11    Spells: 9/9 levels left

rFire   . . .      SeeInvis .     - Unarmed
rCold   + . .      Faith    .   (no shield)
rNeg    + + +      Spirit   .   n - +0 plate armour
rPois   ∞          Reflect  .   f - +0 helmet
rElec   .          Harm     .   x - +2 cloak
rCorr   .          Rampage  .   (no gloves)
Will    +....                   m - +1 pair of boots
Stlth   ..........              (no amulet)
HPRegen 0.00/turn               j - ring of willpower
MPRegen 0.12/turn               l - +4 ring of evasion

@: inhibited regen
A: claws 1, cold resistance 1, negative energy resistance 3, inhibited
regeneration, torment resistance 2
a: Renounce Religion, Heroism


You were in a bailey.
You worshipped Okawaru.
Okawaru was pleased with you.
You visited 2 branches of the dungeon, and saw 8 of its levels.
You also visited: Bailey.

You collected 265 gold pieces.

Inventory:

Missiles
 c - 4 throwing nets (quivered)
Armour
 f - a +0 helmet (worn)
 m - a +1 pair of boots (worn)
 n - a +0 plate armour (worn)
 w - a +0 kite shield
 x - a +2 cloak (worn)
Jewellery
 d - a ring of wizardry
 g - the ring of the King {Fly rPois Str-3 Dex+4}
   (You took it off an orc on level 5 of the Dungeon)

   [ring of flight]

   Str:       It affects your strength (-3).
   Dex:       It affects your dexterity (+4).
   rPois:     It protects you from poison.
   Fly:       It grants you flight.
 j - a ring of willpower (left claw)
 l - a +4 ring of evasion (right claw)
 p - a ring of fire
 y - a ring of protection from cold
Wands
 t - a wand of digging (15)
 u - a wand of acid (7)
Scrolls
 b - 2 scrolls of teleportation
 h - a scroll of enchant weapon
 o - a scroll of fear
Potions
 a - 2 potions of resistance
 e - a potion of degeneration {unknown}
 i - a potion of berserk rage {unknown}
 k - a potion of brilliance {unknown}
 r - a potion of curing
 s - a potion of cancellation {unknown}


   Skills:
 * Level 9.7 Fighting
 + Level 5.1 Armour
 + Level 5.9 Dodging
 - Level 2.1 Stealth
 * Level 9.7 Unarmed Combat
 + Level 2.4 Invocations


You had 9 spell levels left.
You didn't know any spells.
Your spell library contained the following spells:

 Spells                   Type           Power      Damage    Failure   Level
 Magic Dart               Conj           0%         1d3       100%        1
 Mephitic Cloud           Conj/Pois/Air  0%         N/A       100%        3
 Passage of Golubria      Tloc           0%         N/A       100%        4
 Petrify                  Tmut/Erth      0%         N/A       100%        4
 Metabolic Englaciation   Hex/Ice        0%         N/A       100%        5
 Silence                  Hex/Air        0%         N/A       100%        5
 Lehudib's Crystal Spear  Conj/Erth      0%         10d2      100%        8
 Call Imp                 Summ           Unusable   N/A       N/A         2
 Statue Form              Tmut/Erth      Unusable   N/A       N/A         6

Dungeon Overview and Level Annotations

Branches:
Dungeon (7/15)             Temple (1/1) D:6          Bailey (1/1)

Altars:
Cheibriados
Dithmenos
Elyvilon
Fedhas
Gozag
Hepliaklqana
Kikubaaqudgha
Makhleb
Nemelex Xobeh
Okawaru
Qazlal
Ru
Sif Muna
Trog
Uskayaw
Vehumet
Wu Jian
Xom
Yredelemnul
Zin

Shops:
D:4 (   D:5 [=!


Innate Abilities, Weirdness & Mutations

You thrive by killing the living.
You are immune to poison.
You have sharp fingernails.
Your flesh is cold resistant. (rC+)
You are immune to negative energy. (rN+++)
You do not regenerate when monsters are visible.
You are immune to unholy pain and torment.


Message History

The orc knight is heavily wounded.
You scratch the orc knight.
The orc knight is heavily wounded.
The orc knight hits you with a +0 glaive!
The orc warrior hits you from afar with a +0 glaive!
You claw the orc knight!
You claw the orc knight, but do no damage.
The orc knight is severely wounded.
The orc knight hits you with a +0 glaive!
The orc warrior hits you but does no damage.
You scratch the orc knight but do no damage.
The orc knight is severely wounded.
The orc warrior hits you from afar with a +0 glaive!
* * * LOW HITPOINT WARNING * * *
The orc knight hits you with a +0 glaive.
* * * LOW HITPOINT WARNING * * *
You completely miss the orc knight.
The orc knight is severely wounded.
You closely miss the orc knight.
The orc knight is severely wounded.
The orc knight barely misses you. The orc warrior closely misses you.
You scratch the orc knight but do no damage.
The orc knight is severely wounded.
The orc warrior barely misses you. The orc knight misses you.
You mangle the orc knight!!
You kill the orc knight!
Okawaru accepts your kill.
You feel better. The orc warrior closely misses you.
Your base Armour skill increases to level 5!
The orc warrior hits you with a +0 glaive!
* * * LOW HITPOINT WARNING * * *
Things that are here:
a +0 glaive; a +0 plate armour The orc warrior hits you with a +0 glaive.
* * * LOW HITPOINT WARNING * * *
You scratch the orc warrior but do no damage.
You feel like a meek peon again.
You scratch the orc warrior but do no damage.
The orc warrior hits you with a +0 glaive!
You die...

#...##..≈.# ...§§§§
##.##..≈≈.# ..⌠o§.≈
#'#..≈≈.## oo∩⌠...
#'#..≈≈.∩# ...o≈≈ #
##..)≈.# ≈≈≈§.
##!.≈.# §.. ##.≈.#
##+###'#########)).#
.....##........o@≈.#
#.∩.##..≈≈≈≈≈≈≈≈≈≈.#
## ##..≈≈..........#
.###..≈≈..##########
.....≈≈..##
≈≈≈≈≈≈..## .......##
########


You could see an orc warrior (strong).

Vanquished Creatures
  An orc knight (Bailey)
  Grinder (D:3)
  Sigmund (D:3)
  A vampire (D:5)
  A yak (D:5)
  A water moccasin (D:6)
  An ice beast (D:6)
  2 orc warriors (Bailey)
  A black bear (D:6)
  2 sky beasts (D:5)
  2 centaurs
  5 ogres
  3 phantoms
  2 bullfrogs (D:6)
  2 gnoll sergeants
  4 scorpions
  4 wights (D:6)
  2 jellies (D:6)
  2 hounds (D:6)
  2 orc priests
  A bullfrog skeleton (D:5)
  Terence (D:2)
  2 iguanas
  5 orc wizards
  A killer bee zombie (D:6)
  A hound zombie (D:5)
  A hound skeleton (D:5)
  7 gnolls
  10 adders
  A shadow imp (D:5)
  3 white imps
  4 ufetubi
  An adder zombie (D:5)
  4 dart slugs
  33 orcs
  7 ball pythons
  A bat (D:1)
  7 endoplasms
  2 giant cockroaches
  3 hobgoblins
  2 quokkas
  5 frilled lizards
  4 goblins
  5 kobolds
  5 rats
156 creatures vanquished.

Notes
Turn   | Place    | Note
-------+----------+-------------------------------------------
     0 | D:1      | HallandMoats the Ghoul Monk began the quest for the Orb.
     0 | D:1      | Reached XP level 1. HP: 19/19 MP: 0/0
   112 | D:1      | Reached XP level 2. HP: 23/26 MP: 1/1
   695 | D:2      | Reached XP level 3. HP: 23/33 MP: 2/2
  1227 | D:2      | Reached skill level 1 in Armour
  1234 | D:2      | Reached XP level 4. HP: 24/40 MP: 3/3
  1783 | D:3      | Noticed Terence
  2311 | D:2      | Reached XP level 5. HP: 47/47 MP: 4/4
  2406 | D:2      | Killed Terence
  2635 | D:3      | Noticed Grinder
  2649 | D:3      | Killed Grinder
  2650 | D:3      | Reached skill level 5 in Fighting
  2650 | D:3      | Reached skill level 5 in Unarmed Combat
  2650 | D:3      | Reached XP level 6. HP: 34/56 MP: 5/5
  2937 | D:3      | Noticed Sigmund
  2963 | D:3      | Killed Sigmund
  2964 | D:3      | Reached XP level 7. HP: 53/62 MP: 6/6
  3356 | D:4      | Found Mitousoc's Weapon Emporium.
  3388 | D:4      | Found a sparkling altar of Nemelex Xobeh.
  3721 | D:5      | Entered Level 5 of the Dungeon
  3721 | D:5      | Found Uquqy's Antique Armour Emporium.
  3891 | D:5      | Reached XP level 8. HP: 71/71 MP: 7/7
  4003 | D:5      | Found Tauheh's Jewellery Emporium.
  4030 | D:5      | Found Cocif's Distillery.
  5079 | D:5      | Noticed a yak
  5080 | D:5      | Noticed a vampire
  5080 | D:5      | Identified the ring of the King {Fly rPois Str-3 Dex+4}
  5090 | D:5      | Killed a yak
  5365 | D:5      | Killed a vampire
  5366 | D:5      | Reached XP level 9. HP: 46/81 MP: 8/8
  5507 | D:5      | Reached skill level 5 in Dodging
  5976 | D:6      | Found a staircase to the Ecumenical Temple.
  5986 | Temple   | Entered the Ecumenical Temple
  6117 | Temple   | Became a worshipper of Warmaster Okawaru
  6117 | Temple   | Reached * piety under Okawaru
  6117 | Temple   | Reached ** piety under Okawaru
  6224 | D:6      | Found a burning altar of Makhleb.
  6437 | D:6      | Found a shimmering altar of Xom.
  6491 | D:6      | HP: 3/83 [wight (6)]
  7165 | D:6      | Found a stormy altar of Qazlal.
  7171 | D:6      | Reached skill level 1 in Invocations
  7179 | D:6      | Reached XP level 10. HP: 91/91 MP: 8/10
  7391 | D:7      | Found a flagged portal.
  7419 | Bailey   | Entered a bailey
  7508 | Bailey   | Noticed an orc knight
  7589 | Bailey   | Noticed an orc knight
  7589 | Bailey   | Noticed an orc knight
  7617 | Bailey   | Killed an orc knight
  7618 | Bailey   | Reached skill level 5 in Armour
  7621 | Bailey   | Slain by an orc warrior

Illustrated notes

Levels and vault maps discovered:
D:1:      minmay_arrival_wavy_path, layout_rooms
D:2:      layout_basic, serial_co_window_serial, co_window_paths_a,
          co_window_cross_1, co_window_paths_b, co_window_corner_a,
          co_window_corner_a, co_window_paths_b, co_window_of_opportunity_b,
          co_window_unsneaky_path_e, co_window_unsneaky_path_b,
          co_window_4corner_b, minmay_pentomino_x4
D:3:      layout_rooms, grunt_ministairs_15, uniq_grinder, uniq_sigmund,
          uniq_terence
D:4:      layout_basic, overflow_temple_1_default, serial_shops,
          nicolae_shop_crystal
D:5:      kennysheep_windowed_halls, layout_cave_pools, serial_shops, shop,
          nicolae_lakefront_shop, shop
D:6:      layout_loops_ring, mainiacjoe_overflow_six_doors_small,
          mainiacjoe_overflow_chevrons, minmay_temple_entry_ruins,
          serial_co_window_serial, co_window_corner_a, co_window_paths_a,
          co_window_paths_a, co_window_paths_b, co_window_corner_a,
          co_window_cross_1, co_window_paths_a, co_window_corner_ca,
          co_window_corner_b, co_window_corner_cb, glass_columns_a,
          glass_columns_a, glass_columns_b, minmay_ruined_shrine
D:7:      layout_basic, enter_bailey_2, uniq_maggie, uniq_prince_ribbit1
Temple:   nicolae_temple_elliptical
Bailey:   bailey_polearm_1, bailey

Skill      XL: |  1  2  3  4  5  6  7  8  9 10 |
---------------+-------------------------------+-----
Fighting       | 4 5 6 7 9 |  9.7
Armour         | 1 2 3 4 5 |  5.1
Dodging        | 3 4 5 |  5.9
Unarmed Combat | 4 5 6 7 9 |  9.7
Invocations    | 1 2 |  2.4
Stealth        | |  2.1

Action                   |  1- 3 |  4- 6 |  7- 9 | 10-12 || total
-------------------------+-------+-------+-------+-------++-------
Melee: Unarmed           |   100 |   126 |   343 |    76 ||   645
       Punch             |     1 |     4 |    18 |     4 ||    27
Invok: Heroism           |       |       |       |     3 ||     3
  Use: Scroll            |       |     4 |     5 |     3 ||    12
       Potion            |       |       |     3 |     1 ||     4
 Stab: Sleeping          |     3 |       |       |       ||     3
Armor: Robe              |    10 |       |       |       ||    10
       Scale mail        |    17 |    43 |     2 |       ||    62
       Plate armour      |       |       |   183 |    48 ||   231
Dodge: Dodged            |    55 |    67 |   135 |    77 ||   334

Table legend: (Time is in decaauts)
 A = Elapsed time spent in this place.
 B = Non-inter-level travel time spent in this place.
 C = Inter-level travel time spent in this place.
 D = Time resting spent in this place.
 E = Time spent auto-exploring this place.
 F = Levels seen in this place.
 G = Mean time per level.
                   A        B        C        D        E       F      G
               +--------+--------+--------+--------+--------+-----+--------+
         Total |   7558 |   7344 |    214 |   1406 |   4023 |   9 |  839.8 |
       Dungeon |   7197 |   7027 |    170 |   1406 |   3916 |   7 | 1028.1 |
        Temple |    166 |    122 |     44 |      0 |    107 |   1 |  166.0 |
        Bailey |    194 |    194 |      0 |      0 |      0 |   1 |  194.0 |
               +--------+--------+--------+--------+--------+-----+--------+

Top non-repeatable levels by time:
     D:2: 1754 daAuts
     D:6: 1502 daAuts
     D:5: 1332 daAuts
     D:4: 1178 daAuts
     D:3: 711 daAuts
     D:1: 651 daAuts
  Bailey: 194 daAuts
  Temple: 166 daAuts
     D:7: 66 daAuts
